 Dungeon Crawl Stone Soup version 0.32-a0-747-gc8563f6773 (webtiles) character file.

Game seed: 8972372571097745945

3103 Alarak the Thaumaturge (level 9, -12/45 HPs)
             Began as a Deep Elf Earth Elementalist on Mar 18, 2024.
             Mangled by a slime creature (18 damage)
             ... on level 8 of the Dungeon.
             The game lasted 00:17:09 (7079 turns).

Alarak the Thaumaturge (DEEE)                       Turns: 7079, Time: 00:17:10

Health: -12/45     AC:  8    Str:  5    XL:     9   Next: 59%
Magic:  5/27       EV: 12    Int: 25    God:
Gold:   560        SH:  0    Dex: 21    Spells: 25/32 levels left

rFire   . . .        v - +4 quarterstaff (chaos)
rCold   + . .        (shield currently unavailable)
rNeg    . . .        t - +2 robe {rC+}
rPois   .            (no helmet)
rElec   .            w - +2 cloak
rCorr   .            B - +0 pair of gloves
SInv    .            (no boots)
Will    .....        g - amulet of magic regeneration
Stlth   ++           x - +6 ring of dexterity
HPRegen 0.27/turn    s - +4 ring of slaying
MPRegen 0.60/turn

%: no passive effects
@: about to teleport
A: no striking features
a: no special abilities


You were on level 8 of the Dungeon.
You visited 2 branches of the dungeon, and saw 9 of its levels.

You collected 560 gold pieces.

Inventory:

Hand Weapons
 c - a +0 dagger
 v - a +4 quarterstaff of chaos (weapon)
Armour
 a - a +0 robe
 m - a +3 leather armour of cold resistance
 t - a +2 robe of cold resistance (worn)
 w - a +2 cloak (worn)
 B - a +0 pair of gloves (worn)
Magical Staves
 d - a staff of cold
 k - a staff of death
Jewellery
 g - an amulet of magic regeneration (around neck)
 h - a ring of see invisible
 o - an amulet of regeneration
 s - a +4 ring of slaying (right hand)
 x - a +6 ring of dexterity (left hand)
 z - a ring of protection from cold
Wands
 e - a wand of polymorph (4)
 l - a wand of quicksilver (19)
Scrolls
 b - 4 scrolls of noise
 p - a scroll of teleportation
 q - 3 scrolls of identify
 u - a scroll of enchant armour
 y - a scroll of summoning {unknown}
 D - a scroll of poison {unknown}
 E - a scroll of fog {unknown}
Potions
 f - a potion of magic
 i - a potion of might
 j - a potion of lignification
 n - a potion of enlightenment
 A - a potion of berserk rage {unknown}
 C - a potion of degeneration {unknown}


   Skills:
 - Level 2.4 Dodging
 - Level 2.4 Stealth
 - Level 12.1 Spellcasting
 + Level 9.0 Conjurations
 - Level 7.2 Earth Magic


You had 25 spell levels left.
You knew the following spells:

 Your Spells              Type           Power      Damage    Failure   Level
a - Sandblast             Erth           100%       2d20      1%          1
b - Stone Arrow           Conj/Erth      100%       3d13      1%          3
c - Passwall              Erth           50%        N/A       1%          3

Your spell library contained the following spells:

 Spells                   Type           Power      Damage    Failure   Level
 Brom's Barrelling Bould  Conj/Erth      53%        2d7       1%          4
 Cigotuvi's Dreadful Rot  Necr/Alch/Air  30%        N/A       6%          2
 Petrify                  Alch/Erth      33%        N/A       9%          4
 Freezing Cloud           Conj/Ice/Air   15%        6-21      32%         5
 Dispel Undead            Necr           15%        3d10      36%         4
 Ignite Poison            Fire/Alch      15%        N/A       36%         4
 Martyr's Knell           Necr/Summ      15%        N/A       36%         4


Dungeon Overview and Level Annotations

Branches:
Dungeon (8/15)             Temple (1/1) D:7
   Lair: D:8-11

Altars:
Ashenzari
Cheibriados
Dithmenos
Elyvilon
Fedhas
Gozag
Hepliaklqana
Kikubaaqudgha
Makhleb
Nemelex Xobeh
Okawaru
Qazlal
Ru
Sif Muna
Trog
Uskayaw
Xom
Yredelemnul
Zin
The Shining One

Shops:
D:4 =


Message History

The ball of steam hits the gnoll!!
The gnoll dies!
The ball of steam hits you!
Unknown command.
As you read the scroll of teleportation, it crumbles to dust.
You feel strangely unstable.
You are engulfed in a cloud of scalding steam.
You feel sick.
The black bear enters a dispersal trap!
You blink.
A black bear comes into view.
The black bear blinks!
Okay, then.
You feel sick.
You feel sick.
Your surroundings suddenly seem different. 4 slime creatures come into view.
Found an escape hatch in the floor.
You feel sick.
The slime creature quivers.
As you read the scroll of teleportation, it crumbles to dust.
You feel strangely unstable.
You feel sick.
The slime creature quivers.
The slime creature barely misses you.
Casting: Sandblast (safe; 1% risk of failure)
Confirm with . or Enter, or press ? or * to list all spells.
Aiming: Sandblast (safe; 1% risk of failure)
Press: ? - help, Shift-Dir - straight line, f - slime creature
Aim: a slime creature (97% to hit)
The blast of sand hits the slime creature!!
The slime creature is heavily wounded.
The slime creature quivers. x2
You feel sick.
You are no longer poisoned.
The slime creature hits you.
* * * LOW HITPOINT WARNING * * *
The slime creature hits you.
* * * LOW HITPOINT WARNING * * *
The slime creature closely misses you. The slime creature barely misses you.
It was a potion of curing.
You feel better. The slime creature hits you!
* * * LOW HITPOINT WARNING * * *
The slime creature hits you!!
You die...

#.......###.#
###.....# #..
####### ##.
#. ## # #####
# #.....### #
......J@#
......JJ.#
#####
...>..J...#
###....
..........#
##......
...........
##..>....
#.....######
#........
##..##
#.>...... ##.
#........
#........


You could see 4 slime creatures.

Vanquished Creatures
  Grinder (D:5)
  Sigmund (D:6)
  Eustachio (D:4)
  Grum (D:8)
  A water moccasin (D:7)
  2 black bears
  An ogre (D:5)
  A centaur (D:6)
  3 wolves (D:8)
  A kobold brigand (D:8)
  2 bullfrogs (D:7)
  5 scorpions
  8 wights
  4 killer bees
  2 howler monkeys (D:6)
  A bombardier beetle (D:6)
  5 hounds
  An orc priest (D:5)
  Crazy Yiuf (D:6)
  3 jellies (D:6)
  Jessica (D:3)
  An iguana (D:5)
  A sleepcap (D:5)
  An orc wizard (D:5)
  3 gnolls (D:8)
  5 adders
  2 white imps
  4 ufetubi (D:6)
  A dart slug (D:1)
  5 orcs
  3 bats
  8 endoplasms
  5 goblins
  5 hobgoblins
  14 kobolds
  5 quokkas
  7 ball pythons
  11 frilled lizards
  4 rats
131 creatures vanquished.

Vanquished Creatures (others)
  A gnoll (D:8)
1 creature vanquished.

Grand Total: 132 creatures vanquished

Notes
Turn   | Place    | Note
-------+----------+-------------------------------------------
     0 | D:1      | Alarak the Deep Elf Earth Elementalist began the quest for
                  | the Orb.
     0 | D:1      | Reached XP level 1. HP: 10/10 MP: 6/6
     2 | D:1      | Noticed a tengu
     2 | D:1      | Noticed an octopode
     4 | D:1      | Noticed a dwarf
     4 | D:1      | Noticed a human
     6 | D:1      | Noticed a merfolk
     8 | D:1      | Noticed a djinni
    10 | D:1      | Noticed a demigod
    10 | D:1      | Noticed a barachi
    12 | D:1      | Noticed an elf
    12 | D:1      | Noticed a ghoul
    14 | D:1      | Noticed a naga
    14 | D:1      | Noticed a draconian
    16 | D:1      | Noticed a gargoyle
    16 | D:1      | Noticed a demonspawn
    18 | D:1      | Noticed a vine stalker
    18 | D:1      | Noticed a felid
    20 | D:1      | Noticed a formicid
    20 | D:1      | Noticed a minotaur
    22 | D:1      | Noticed a troll
    24 | D:1      | Noticed an armataur
    24 | D:1      | Noticed a spriggan
    26 | D:1      | Noticed an oni
    26 | D:1      | Noticed a vampire
   191 | D:1      | Reached skill level 4 in Spellcasting
   191 | D:1      | Reached XP level 2. HP: 15/15 MP: 7/9
   430 | D:1      | Found a faded altar of an unknown god.
  1074 | D:2      | Reached XP level 3. HP: 19/19 MP: 9/11
  1100 | D:2      | Reached skill level 5 in Spellcasting
  2018 | D:3      | Noticed Jessica
  2019 | D:3      | Killed Jessica
  2020 | D:3      | Reached XP level 4. HP: 24/24 MP: 11/13
  2589 | D:4      | Noticed a black bear
  2598 | D:4      | Killed a black bear
  2598 | D:4      | HP: 1/24 [quokka (3)]
  2599 | D:4      | Reached skill level 5 in Earth Magic
  2599 | D:4      | Reached XP level 5. HP: 1/28 MP: 8/14
  2795 | D:4      | You fall into a shaft and drop 2 floors!
  2809 | D:6      | Noticed a centaur
  2951 | D:6      | Reached XP level 6. HP: 32/32 MP: 12/15
  3111 | D:6      | Learned a level 3 spell: Stone Arrow
  3115 | D:6      | Learned a level 3 spell: Passwall
  3158 | D:6      | Reached XP level 7. HP: 25/36 MP: 11/16
  3232 | D:6      | Reached skill level 5 in Conjurations
  3363 | D:5      | Entered Level 5 of the Dungeon
  3530 | D:4      | Noticed Eustachio
  3541 | D:4      | Killed Eustachio
  3905 | D:4      | Found Zecseakk's Jewellery Shoppe.
  3907 | D:4      | Reached XP level 8. HP: 41/41 MP: 15/17
  4335 | D:4      | Found a glowing golden altar of the Shining One.
  4335 | D:4      | Found a glowing silver altar of Zin.
  4335 | D:4      | Found a white marble altar of Elyvilon.
  4456 | D:5      | Identified a scroll of acquirement
  4456 | D:5      | Acquired an amulet of magic regeneration
  4551 | D:5      | Found a hazy altar of Hepliaklqana.
  4612 | D:5      | Noticed Grinder
  4614 | D:5      | Killed Grinder
  4615 | D:5      | Reached skill level 7 in Spellcasting
  4685 | D:5      | Reached skill level 8 in Spellcasting
  5021 | D:5      | Reached skill level 9 in Spellcasting
  5123 | D:6      | Noticed Sigmund
  5128 | D:6      | Killed Sigmund
  5129 | D:6      | Reached skill level 10 in Spellcasting
  5245 | D:6      | Found a sacrificial altar of Ru.
  5699 | D:6      | Found a runed translucent door.
  5700 | D:6      | Noticed Crazy Yiuf
  5806 | D:6      | Killed Crazy Yiuf
  5807 | D:6      | Reached XP level 9. HP: 35/45 MP: 25/25
  5982 | D:7      | Found a staircase to the Ecumenical Temple.
  5993 | Temple   | Entered the Ecumenical Temple
  6245 | D:7      | Reached skill level 11 in Spellcasting
  6743 | D:8      | Reached skill level 12 in Spellcasting
  7063 | D:8      | Noticed Grum
  7071 | D:8      | Killed Grum
  7079 | D:8      | Mangled by a slime creature

Illustrated notes

Levels and vault maps discovered:
D:1:      kb_arrival_jail, layout_loops_cross,
          hellmonk_ecumenical_altar_crossroads
D:2:      layout_basic, minmay_lizard_pond
D:3:      layout_rooms, kennysheep_doodads, saegor_snake_ambush, uniq_jessica
D:4:      layout_layer_cave, good_gods_mini_temple, kennysheep_windowed_goal,
          uniq_eustachio
D:5:      layout_loops_cross, mainiacjoe_overflow_small_starburst, uniq_grinder
D:6:      nicolae_cairo_tiling_large, layout_basic,
          nicolae_ru_the_path_less_chosen, kennysheep_generic_room_15,
          uniq_crazy_yiuf_cottage, uniq_sigmund
D:7:      layout_loops_ring, minmay_temple_entry_grid
D:8:      layout_cave_pods, dreamdust_wishing_well, nicolae_diode_basic,
          uniq_grum
Temple:   regret_index_temple_waves

Skill      XL: |  1  2  3  4  5  6  7  8  9 |
---------------+----------------------------+-----
Spellcasting   | 4 5 10 12 | 12.1
Conjurations   | 3 4 7 9 |  9.0
Earth Magic    | 5 7 |  7.2
Dodging        | |  2.4
Stealth        | |  2.4

Action                     |  1- 3 |  4- 6 |  7- 9 || total
---------------------------+-------+-------+-------++-------
  Melee: Unarmed           |    10 |       |       ||    10
         Punch             |     1 |       |       ||     1
   Cast: Sandblast         |    60 |    40 |    97 ||   197
         Stone Arrow       |       |       |    27 ||    27
    Use: Potion            |     1 |       |     1 ||     2
         Scroll            |     5 |     1 |     6 ||    12
 Armour: Robe              |     9 |    18 |    47 ||    74
  Dodge: Dodged            |    13 |    17 |    34 ||    64

Table legend: (Time is in decaauts)
 A = Elapsed time spent in this place.
 B = Non-inter-level travel time spent in this place.
 C = Inter-level travel time spent in this place.
 D = Time resting spent in this place.
 E = Time spent auto-exploring this place.
 F = Levels seen in this place.
 G = Mean time per level.
                   A        B        C        D        E       F      G
               +--------+--------+--------+--------+--------+-----+--------+
         Total |   7190 |   6569 |    621 |    332 |   5458 |   9 |  798.9 |
       Dungeon |   7050 |   6567 |    483 |    332 |   5458 |   8 |  881.2 |
        Temple |    139 |      1 |    138 |      0 |      0 |   1 |  139.0 |
               +--------+--------+--------+--------+--------+-----+--------+

Top non-repeatable levels by time:
     D:4: 1423 daAuts
     D:6: 1399 daAuts
     D:1: 1009 daAuts
     D:2: 942 daAuts
     D:5: 720 daAuts
     D:7: 665 daAuts
     D:3: 603 daAuts
     D:8: 286 daAuts
  Temple: 139 daAuts
